 Dungeon Crawl Stone Soup version 0.20.1-1-g8b1a95d (webtiles) character file.

529 Folque the Magician (level 7, -3/45 HPs)
             Began as an Octopode Wizard on Nov 22, 2017.
             Was an Initiate of Sif Muna.
             Killed from afar by an orc wizard (8 damage)
             ... with a magic dart
             ... on level 5 of the Dungeon.
             The game lasted 00:17:03 (4232 turns).

Folque the Magician (Octopode Wizard)               Turns: 4232, Time: 00:17:04

Health: -3/45      AC:  1    Str:  7    XL:     7   Next: 23%
Magic:  5/13       EV: 13    Int: 22    God:    Sif Muna [......]
Gold:   155        SH:  0    Dex: 10    Spells: 7/15 levels left

rFire    . . .     SeeInvis .   u - +2 falchion (freeze)
rCold    . . .     Gourm    .   (no shield)
rNeg     . . .     Faith    .   a - +0 hat
rPois    .         Spirit   .   g - amulet of magic regeneration
rElec    .         Reflect  .   w - ring of flight
rCorr    .         Harm     .   (no ring)
MR       .....                  (no ring)
Stlth    +++.......             (no ring)
Regen    0.2/turn               (no ring)
MPRegen  0.2/turn               (no ring)
                                (no ring)
                                (no ring)

@: hasted, very quick
A: almost no armour, stealthy swim, amphibious, 8 rings, constrict 8, camouflage
1, gelatinous body 1
a: Renounce Religion, Evoke Flight


You were on level 5 of the Dungeon.
You worshipped Sif Muna.
Sif Muna was noncommittal.
You were hungry.

You visited 2 branches of the dungeon, and saw 6 of its levels.

You collected 155 gold pieces.

Inventory:

Hand Weapons
 f - a +2 mace of protection
 i - a +3 short sword
 t - a +0 scythe
 u - a +2 falchion of freezing (weapon)
Armour
 a - a +0 hat (worn)
Jewellery
 g - an amulet of magic regeneration (around mantle)
 w - a ring of flight (left tentacle)
Scrolls
 e - a scroll of identify
 j - a scroll of random uselessness {unknown}
 v - a scroll of magic mapping {unknown}
Potions
 h - a potion of cancellation
 k - a potion of haste
 l - 2 potions of might {unknown}
 m - a potion of resistance {unknown}
 p - 2 potions of curing {unknown}
 q - a potion of agility {unknown}
 s - 2 potions of brilliance {unknown}
Books
 b - a book of Minor Magic

   Spells                             Type                      Level
   a - Magic Dart                     Conjuration                  1
   b - Blink                          Translocation                2
   c - Call Imp                       Summoning                    2
   d - Slow                           Hexes                        2
   e - Conjure Flame                  Conjuration/Fire             3
   f - Mephitic Cloud                 Conjuration/Poison/Air       3
Comestibles
 c - 4 bread rations
 d - 4 royal jellies
 n - 2 meat rations
 o - 12 fruits
 r - a chunk of flesh


   Skills:
 - Level 2.0 Fighting
 - Level 2.0 Dodging
 - Level 2.6 Stealth
 + Level 4.5 Spellcasting
 * Level 4.1 Conjurations
 - Level 3.0 Summonings
 - Level 1.0 Translocations
 - Level 3.2 Poison Magic


You had 7 spell levels left.
You knew the following spells:

 Your Spells              Type           Power        Failure   Level  Hunger
a - Magic Dart            Conj           ###.         1%          1    None
b - Call Imp              Summ           ###.....     4%          2    None
c - Blink                 Tloc           N/A          11%         2    None
d - Mephitic Cloud        Conj/Pois/Air  ###.....     12%         3    ##.....


Dungeon Overview and Level Annotations

Branches:
Dungeon (5/15)             Temple (1/1) D:5

Altars:
Ashenzari
Dithmenos
Elyvilon
Fedhas
Gozag
Hepliaklqana
Kikubaaqudgha
Makhleb
Qazlal
Ru
Sif Muna
Trog
Vehumet
Xom
Yredelemnul
Zin
The Shining One


Innate Abilities, Weirdness & Mutations

You cannot wear most types of armour.
You are very stealthy in the water. (Stealth+)
You are amphibious.
You can wear up to eight rings at the same time.
You can use your tentacles to constrict eight enemies at once.
Your skin changes colour to match your surroundings (Stealth+).
Your rubbery body absorbs attacks. (AC +1, EV +1)


Message History

The orc throws a tomahawk.
The tomahawk hits your crimson imp.
You feel yourself speed up.
Your white imp hits the ice beast.
Your white imp freezes the ice beast.
The ice beast completely resists.
Your crimson imp misses the ice beast.
The orc barely misses your crimson imp. Something hits your crimson imp.
Your crimson imp blinks!
The orc throws a tomahawk.
The tomahawk misses your crimson imp. The tomahawk barely misses you.
You see here a tomahawk.
Your crimson imp hits the ice beast but does no damage.
A frilled lizard comes into view.
Your crimson imp barely misses the orc.
Your crimson imp hits the ice beast but does no damage.
Your crimson imp hits the orc.
There is a staircase to the Ecumenical Temple here.
Your crimson imp hits the orc.
The orc wizard casts a spell at you. The magic dart hits you!
You die...

...###..##.#.....#.#
....o....##.#§....#.#
.#######†.(.###.###.#
####..l#.....#..#
#......o.......##
#..(...o.b..####
######.....5......#
............o.....#
######......o.Y.@.#
#.....55.....#
#......(....##
#############


You could see an ice beast, an orc wizard, 3 orcs, a frilled lizard, 2 friendly
crimson imps and a friendly white imp.

Vanquished Creatures
  Sigmund (D:4)
  A scorpion (D:4)
  2 crimson imps
  3 orc priests
  An orc wizard (D:3)
  A killer bee zombie (D:5)
  2 adders (D:2)
  A shadow imp (D:5)
  2 oozes
  A worm (D:3)
  A dart slug (D:1)
  3 leopard geckos
  13 orcs
  8 bats
  A giant cockroach (D:3)
  7 goblins
  8 hobgoblins
  2 jackals (D:2)
  8 kobolds
  A quokka (D:2)
  10 frilled lizards
  A goblin skeleton (D:4)
  A goblin zombie (D:4)
  A hobgoblin zombie (D:4)
  A kobold zombie (D:4)
  2 orc zombies (D:4)
  6 rats
89 creatures vanquished.

Vanquished Creatures (collateral kills)
  An adder (D:3)
  An orc (D:4)
  2 bats (D:3)
4 creatures vanquished.

Grand Total: 93 creatures vanquished

Notes
Turn   | Place    | Note
-------+----------+-------------------------------------------
     0 | D:1      | Folque the Octopode Wizard began the quest for the Orb.
     0 | D:1      | Reached XP level 1. HP: 11/11 MP: 4/4
   325 | D:1      | Reached XP level 2. HP: 12/18 MP: 0/6
   338 | D:1      | Reached skill level 1 in Fighting
   745 | D:1      | Reached XP level 3. HP: 18/23 MP: 8/8
   889 | D:1      | Learned a level 2 spell: Call Imp
   892 | D:1      | Learned a level 2 spell: Blink
   896 | D:1      | Learned a level 3 spell: Mephitic Cloud
  1418 | D:2      | Reached skill level 1 in Poison Magic
  1480 | D:2      | Reached XP level 4. HP: 23/29 MP: 9/9
  1677 | D:2      | Found a burning altar of Makhleb.
  1752 | D:2      | Found a radiant altar of Vehumet.
  1883 | D:3      | Found a blossoming altar of Fedhas.
  2687 | D:3      | Found a white marble altar of Elyvilon.
  2749 | D:3      | Reached XP level 5. HP: 34/34 MP: 6/10
  3113 | D:3      | Found a glowing silver altar of Zin.
  3414 | D:4      | Found a glowing golden altar of the Shining One.
  3436 | D:4      | Noticed Sigmund
  3443 | D:4      | Reached XP level 6. HP: 39/39 MP: 8/12
  3453 | D:4      | Killed Sigmund
  3643 | D:4      | Reached XP level 7. HP: 45/45 MP: 8/13
  3931 | D:4      | Found a sacrificial altar of Ru.
  4031 | D:5      | Entered Level 5 of the Dungeon
  4033 | D:5      | Found a stormy altar of Qazlal.
  4046 | D:5      | Found a staircase to the Ecumenical Temple.
  4056 | Temple   | Entered the Ecumenical Temple
  4077 | Temple   | Became a worshipper of Sif Muna the Loreminder
  4232 | D:5      | Killed from afar by an orc wizard

Skill      XL: |  1  2  3  4  5  6  7 |
---------------+----------------------+-----
Fighting       | 1 2 |  2.0
Poison Magic   | 1 2 3 |  3.2
Conjurations   | 2 3 4 |  4.1
Spellcasting   | 4 |  4.5
Summonings     | 3 |  3.0
Dodging        | |  2.0
Stealth        | |  2.6
Translocations | |  1.0

Action                   |  1- 3 |  4- 6 |  7- 9 || total
-------------------------+-------+-------+-------++-------
Melee: Unarmed           |    23 |       |       ||    23
       Tentacles         |     7 |    14 |     3 ||    24
       Constrict         |    17 |    27 |     6 ||    50
       Short sword       |    55 |    67 |       ||   122
       Mace              |       |    35 |       ||    35
       Falchion          |       |       |    26 ||    26
 Cast: Magic Dart        |     7 |    21 |     5 ||    33
       Call Imp          |     1 |     7 |     7 ||    15
       Mephitic Cloud    |       |     9 |     1 ||    10
       Blink             |       |     1 |     1 ||     2
  Use: Scroll            |     1 |     3 |     1 ||     5
       Potion            |       |     2 |     1 ||     3
 Stab: Sleeping          |    10 |     3 |     4 ||    17
  Eat: Chunk             |     2 |     7 |     2 ||    11
Armor: Skin              |     6 |    11 |       ||    17
Dodge: Dodged            |    36 |    67 |    12 ||   115
       Rpst.: Falchion   |       |       |     4 ||     4
